 Dungeon Crawl Stone Soup version 0.20.0-15-g7f486f2 (webtiles) character file.

4966 tevo3000 the Spear-Bearer (level 10, -10/53 HPs)
             Began as a Vine Stalker Fighter on June 29, 2017.
             Was a Priest of Fedhas.
             Mangled by Gastronok (17 damage)
             ... on level 8 of the Dungeon on June 30, 2017.
             The game lasted 01:17:59 (6900 turns).

tevo3000 the Spear-Bearer (Vine Stalker Fighter)    Turns: 6900, Time: 01:18:00

Health: -10/53     AC: 11    Str: 22    XL:     10   Next: 53%
Magic:  0/11       EV:  8    Int:  8    God:    Fedhas [***...]
Gold:   255        SH: 11    Dex: 20    Spells: 8/9 levels left

rFire    x . .     SeeInvis .   d - +4 spear (venom)
rCold    + . .     Gourm    .   c - +0 shield
rNeg     . . .     Faith    .   A - +0 chain mail
rPois    .         Spirit   +   h - +0 helmet
rElec    .         Reflect  .   (no cloak)
rCorr    .         Harm     .   (no gloves)
MR       ++...     Rnd*Rage +   (no boots)
Stlth    ..........             (no amulet)
Regen    0.6/turn               g - ring of ice
MPRegen  0.2/turn               l - ring of flight

@: no status effects
A: fangs 3, agile 1, berserk 1, magic resistance 1, sense surroundings 1,
regeneration 1, strong 2, wild magic 1, magic shield, antimagic bite, no potion
heal 3, rot immunity
a: Fungal Bloom, Evolution, Sunlight, Growth, Renounce Religion, Evoke Flight


You were on level 8 of the Dungeon.
You worshipped Fedhas.
Fedhas was most pleased with you.
You were not hungry.

You visited 2 branches of the dungeon, and saw 9 of its levels.
You also visited: Sewer.

You collected 388 gold pieces.
You spent 133 gold pieces at shops.

Inventory:

Hand Weapons
 d - a +4 spear of venom (weapon)
Armour
 c - a +0 shield (worn)
 h - a +0 helmet (worn)
 A - a +0 chain mail (worn)
Jewellery
 g - a ring of ice (left hand)
 l - a ring of flight (right hand)
 o - an uncursed ring of ice
 y - an uncursed ring of positive energy {unknown}
Scrolls
 e - 10 scrolls of identify
 i - 3 scrolls of remove curse
 m - a scroll of fear {unknown}
 p - a scroll of blinking {unknown}
 q - 2 scrolls of enchant armour {unknown}
 r - a scroll of recharging {unknown}
 u - a scroll of immolation {unknown}
 w - 3 scrolls of teleportation {unknown}
Potions
 a - a potion of brilliance
 b - a potion of lignification {unknown}
 n - 3 potions of curing
 s - a potion of flight
 v - a potion of heal wounds
 z - a potion of degeneration {unknown}
 B - a potion of haste {unknown}
Books
 x - a book of Minor Magic

   Spells                             Type                      Level
   a - Magic Dart                     Conjuration                  1
   b - Blink                          Translocation                2
   c - Call Imp                       Summoning                    2
   d - Slow                           Hexes                        2
   e - Conjure Flame                  Conjuration/Fire             3
   f - Mephitic Cloud                 Conjuration/Poison/Air       3
Comestibles
 f - 7 bread rations
 j - a royal jelly
 k - 12 fruits
 t - 3 meat rations


   Skills:
 + Level 5.7 Fighting
 + Level 8.4 Polearms
 + Level 6.7 Armour
 + Level 3.2 Dodging
 + Level 2.0 Stealth
 + Level 6.6 Shields
 + Level 0.4 Spellcasting
 + Level 1.0 Invocations
 + Level 0.3 Evocations


You had 8 spell levels left.
You knew the following spells:

 Your Spells              Type           Power        Failure   Level  Hunger
a - Magic Dart            Conj           #...         100%        1    ##.....


Dungeon Overview and Level Annotations

Branches:
Dungeon (8/15)             Temple (1/1) D:5
   Lair: D:8-11

Altars:
Ashenzari
Cheibriados
Dithmenos
Elyvilon
Fedhas
Gozag
Hepliaklqana
Kikubaaqudgha
Nemelex Xobeh
Ru
Sif Muna
Trog
Uskayaw
Vehumet
Yredelemnul
Zin
The Shining One
Lugonu

Shops:
D:5 }   D:6 %

Annotations:
D:8 Gastronok


Innate Abilities, Weirdness & Mutations

You have razor-sharp teeth.
Your natural rate of healing is unusually fast.
When hurt, damage is shared between your health and your magic reserves.
Your bite disrupts and absorbs the magic of your enemies.
Potions cannot restore your health.
You are immune to rotting.
You are agile. (Dex +2)
You tend to lose your temper in combat.
You are resistant to hostile enchantments. (MR+)
You passively map a small area around you.
Your muscles are very strong. (Str +4)
Your spells are a little harder to cast, but a little more powerful.


Message History

Okay, then.
You puncture Gastronok! You bite Gastronok.
Gastronok's magic leaks into the air.
You drain his magic.
You feel invigorated.
Gastronok is heavily wounded.
You hit Gastronok.
Gastronok looks as sick as possible!
Gastronok is heavily wounded.
Gastronok falters for a moment.
You puncture Gastronok!
Gastronok looks as sick as possible!
You bite Gastronok!
Gastronok's magic leaks into the air.
You drain his magic.
Gastronok is severely wounded.
You hit Gastronok.
Gastronok looks as sick as possible!
You bite Gastronok.
Gastronok's magic leaks into the air.
You drain his magic.
Gastronok is severely wounded.
You hit Gastronok but do no damage.
Gastronok looks as sick as possible!
You bite Gastronok!
Gastronok's magic leaks into the air.
You drain his magic.
Gastronok is severely wounded.
Gastronok bites you!!
You die...
Fedhas appreciates your contribution to the ecosystem.

#....# #............
#..?.# #............
#....####............
#............).......
#............#)......
#............#...^...
#...........##...[...
####......).##.......
#@....)..######### *
** #w.......#
............#
....$........#
.............#
,.............#
.......#######
,........# ......


You could see Gastronok.

Vanquished Creatures
  A two-headed ogre (D:8)
  A cyclops (D:7)
  The ghost of valhalheru the Shield-Bearer, a novice HOFi (D:6)
  The ghost of Shadostepz the Covered, an amateur MiFi of Okawaru (D:4)
  Grinder (D:4)
  Prince Ribbit (D:5)
  Sigmund (D:5)
  Eustachio (D:4)
  2 water moccasins
  A black bear (D:6)
  3 sky beasts
  3 ogres
  A phantom (D:6)
  A centaur (D:8)
  A bullfrog (Sewer)
  9 killer bees
  6 crimson imps
  A bullfrog zombie (D:6)
  2 centaur skeletons
  A gnoll shaman (D:4)
  5 hounds
  An orc priest (D:7)
  3 jellies
  2 orc wizards (D:8)
  A bullfrog skeleton (D:8)
  5 iguanas
  5 worker ants
  2 worker ant zombies
  A howler monkey zombie (D:8)
  5 adders
  10 gnolls
  2 shadow imps (D:7)
  3 oozes
  An adder skeleton (D:4)
  2 worms (D:2)
  2 dart slugs
  7 leopard geckos
  17 orcs
  4 ball pythons
  12 giant cockroaches
  11 goblins
  11 hobgoblins
  12 jackals
  2 quokkas
  8 bats
  16 frilled lizards
  A jackal skeleton (D:4)
  7 kobolds
  3 quokka skeletons
  6 rats
206 creatures vanquished.

Vanquished Creatures (others)
  A giant cockroach (D:4)
  A quokka (D:4)
  72 toadstools
74 creatures vanquished.

Grand Total: 280 creatures vanquished

Notes
Turn   | Place    | Note
-------+----------+-------------------------------------------
     0 | D:1      | tevo3000 the Vine Stalker Fighter began the quest for the Orb.
     0 | D:1      | Reached XP level 1. HP: 11/11 MP: 2/2
   110 | D:1      | Reached XP level 2. HP: 15/16 MP: 3/3
   302 | D:1      | Reached skill level 2 in Polearms
   358 | D:1      | Reached XP level 3. HP: 16/20 MP: 4/4
  1163 | D:2      | Gained mutation: Your natural rate of healing is unusually fast. [Vine Stalker growth]
  1163 | D:2      | Reached XP level 4. HP: 24/24 MP: 5/5
  1662 | D:3      | Reached skill level 3 in Polearms
  1713 | D:3      | Found a blossoming altar of Fedhas.
  1731 | D:3      | Found a glowing silver altar of Zin.
  1731 | D:3      | Found an opulent altar of Gozag.
  1813 | D:3      | Found a glowing golden altar of the Shining One.
  1849 | D:3      | Became a worshipper of Fedhas Madash
  1935 | D:3      | Found a glowing drain.
  1957 | D:3      | Reached XP level 5. HP: 28/28 MP: 6/6
  1968 | Sewer    | Entered a sewer
  2298 | D:3      | Reached * piety under Fedhas
  2324 | D:3      | Reached skill level 1 in Dodging
  2467 | D:3      | Reached XP level 6. HP: 30/32 MP: 7/7
  2626 | D:4      | Noticed Shadostepz's ghost (amateur MiFi)
  2639 | D:4      | Killed Shadostepz's ghost
  2639 | D:4      | Reached skill level 4 in Polearms
  2639 | D:4      | Reached XP level 7. HP: 29/36 MP: 6/8
  2732 | D:4      | Noticed Grinder
  2741 | D:4      | Killed Grinder
  2741 | D:4      | Reached skill level 5 in Polearms
  2847 | D:4      | Found a white marble altar of Elyvilon.
  3021 | D:4      | Gained mutation: You have razor-sharp teeth. [Vine Stalker growth]
  3021 | D:4      | Reached XP level 8. HP: 22/42 MP: 5/9
  3216 | D:4      | Noticed Eustachio
  3232 | D:4      | Killed Eustachio
  3232 | D:4      | Reached skill level 6 in Polearms
  3245 | D:4      | Found an ancient bone altar of Kikubaaqudgha.
  3413 | D:4      | Reached ** piety under Fedhas
  3870 | D:5      | Entered Level 5 of the Dungeon
  3870 | D:5      | Noticed Prince Ribbit
  3877 | D:5      | Killed Prince Ribbit
  3877 | D:5      | Reached skill level 1 in Stealth
  4001 | D:5      | Gained mutation: You tend to lose your temper in combat. [potion of mutation]
  4001 | D:5      | Gained mutation: You passively map a small area around you. [potion of mutation]
  4001 | D:5      | Gained mutation: You are resistant to hostile enchantments. (MR+) [potion of mutation]
  4024 | D:5      | Found a shattered altar of Ashenzari.
  4054 | D:5      | Found a staircase to the Ecumenical Temple.
  4064 | D:5      | Noticed Sigmund
  4087 | D:5      | Killed Sigmund
  4087 | D:5      | Reached skill level 5 in Armour
  4087 | D:5      | Reached skill level 5 in Shields
  4087 | D:5      | Reached XP level 9. HP: 46/46 MP: 10/10
  4105 | Temple   | Entered the Ecumenical Temple
  4390 | D:5      | Found a deep blue altar of Sif Muna.
  4418 | D:5      | Found Rined's Gadget Emporium.
  4495 | D:6      | Found a sacrificial altar of Ru.
  4525 | D:6      | Noticed valhalheru's ghost (novice HOFi)
  4553 | D:6      | Killed valhalheru's ghost
  4670 | D:6      | Reached skill level 7 in Polearms
  4705 | D:6      | Reached skill level 5 in Fighting
  4887 | D:6      | Found Tiowiz's Food Shoppe.
  4896 | D:6      | Bought 3 fruits for 63 gold pieces
  4896 | D:6      | Bought a meat ration for 70 gold pieces
  5023 | D:7      | Noticed a cyclops
  5037 | D:7      | Killed a cyclops
  5162 | D:7      | Gained mutation: Your spells are a little harder to cast, but a little more powerful. [mutagenic meat]
  5163 | D:7      | Gained mutation: Your muscles are strong. (Str +2) [mutagenic meat]
  5164 | D:7      | Lost mutation: Your muscles are strong. (Str +2) [mutagenic meat]
  5165 | D:7      | Gained mutation: Your muscles are strong. (Str +2) [mutagenic meat]
  5166 | D:7      | Gained mutation: You are agile. (Dex +2) [mutagenic meat]
  5167 | D:7      | Gained mutation: Your muscles are very strong. (Str +4) [mutagenic meat]
  5369 | D:7      | Reached XP level 10. HP: 49/51 MP: 11/11
  5376 | D:7      | Reached *** piety under Fedhas
  5912 | D:8      | Reached skill level 8 in Polearms
  6343 | D:8      | Reached skill level 1 in Invocations
  6716 | D:8      | Noticed a two-headed ogre
  6726 | D:8      | Killed a two-headed ogre
  6758 | D:8      | Learned a level 1 spell: Magic Dart
  6875 | D:8      | Noticed Gastronok
  6900 | D:8      | Mangled by Gastronok

Skill      XL: |  1  2  3  4  5  6  7  8  9 10 |
---------------+-------------------------------+-----
Fighting       | 3 4 5 |  5.7
Polearms       | 2 3 4 5 6 7 8 |  8.4
Shields        | 3 4 5 6 |  6.6
Armour         | 3 5 6 |  6.7
Dodging        | 1 2 3 |  3.2
Stealth        | 1 2 |  2.0
Invocations    | 1 |  1.0
Spellcasting   | |  0.4
Evocations     | |  0.3

Action                   |  1- 3 |  4- 6 |  7- 9 | 10-12 || total
-------------------------+-------+-------+-------+-------++-------
Melee: Trident           |   100 |   207 |    41 |       ||   348
       Bite              |    23 |    35 |   102 |    38 ||   198
       Spear             |       |       |   247 |   102 ||   349
Invok: Fungal Bloom      |       |    14 |    10 |     3 ||    27
       Sunlight          |       |       |     3 |       ||     3
 Abil: Evoke Flight      |       |     2 |       |       ||     2
       Stop Flying       |       |     1 |       |       ||     1
  Use: Scroll            |     2 |     1 |     3 |       ||     6
       Potion            |       |     2 |     9 |     2 ||    13
  Eat: Meat ration       |     1 |     1 |       |     1 ||     3
       Bread ration      |       |       |     2 |       ||     2
       Chunk             |       |       |     6 |       ||     6
Armor: Scale mail        |    26 |    68 |    51 |       ||   145
       Ring mail         |     5 |    10 |       |       ||    15
       Chain mail        |       |       |       |    23 ||    23
Dodge: Dodged            |    17 |    66 |    51 |    20 ||   154
Block: Shield            |    38 |    92 |   100 |    42 ||   272
